 Dungeon Crawl Stone Soup version 0.23.2-1-ga50397a6bc (webtiles) character file.

Game seed: 8431923563271212792

165 MisterOstroum the Skirmisher (level 5, -3/47 HPs)
             Began as a Hill Orc Assassin on Apr 28, 2019.
             Slain by a gnoll
             ... wielding a +0 halberd
              (14 damage)
             ... on level 4 of the Dungeon.
             The game lasted 00:08:01 (2957 turns).

MisterOstroum the Skirmisher (Hill Orc Assassin)    Turns: 2957, Time: 00:08:02

Health: -3/47      AC:  4    Str: 14    XL:     5   Next: 46%
Magic:  5/5        EV: 11    Int: 11    God:
Gold:   153        SH:  0    Dex: 13    Spells: 1/4 levels left

rFire    . . .     SeeInvis .   s - +2 dagger (freeze)
rCold    . . .     Gourm    .   (no shield)
rNeg     + . .     Faith    .   c - +0 robe
rPois    .         Spirit   .   w - +0 helmet
rElec    .         Reflect  .   d - +0 cloak
rCorr    .         Harm     .   (no gloves)
MR       .....                  (no boots)
Stlth    ++........             (no amulet)
HPRegen  0.15/turn              t - ring of positive energy
MPRegen  0.09/turn              (no ring)

@: flying
A: no striking features
a: no special abilities


You were on level 4 of the Dungeon.
You were hungry.

You visited 1 branch of the dungeon, and saw 4 of its levels.

You collected 153 gold pieces.

Inventory:

Hand Weapons
 a - a +2 dagger
 b - a +0 blowgun
 s - a +2 dagger of freezing (weapon)
 v - a +2 short sword of draining
 y - a +1 flail of crushing
Missiles
 f - 2 curare-tipped needles
 g - 25 poisoned needles
 n - 90 stones (quivered)
 x - 19 sling bullets
Armour
 c - a +0 robe (worn)
 d - a +0 cloak (worn)
 p - a +0 chain mail
 w - a +0 helmet (worn)
 z - a +4 scale mail
Jewellery
 t - a ring of positive energy (left hand)
Scrolls
 j - 2 scrolls of enchant armour {unknown}
 k - 2 scrolls of remove curse {unknown}
 l - 2 scrolls of amnesia {unknown}
 o - 2 scrolls of teleportation {unknown}
 q - a scroll of random uselessness {unknown}
 r - 4 scrolls of identify {unknown}
 u - 2 scrolls of magic mapping {unknown}
 A - a scroll of fear {unknown}
 B - a scroll of noise {unknown}
 C - a scroll of fog {unknown}
Potions
 h - a potion of mutation {unknown}
 i - 3 potions of flight
 m - 2 potions of curing
Comestibles
 e - 3 rations


   Skills:
 * Level 4.9 Fighting
 + Level 3.2 Short Blades
 - Level 2.8 Throwing
 - Level 0.7 Dodging
 - Level 3.2 Stealth


You had one spell level left.
You knew the following spells:

 Your Spells              Type           Power        Failure   Level  Hunger
a - Confuse               Hex            #.......     71%         3    ####...

Your spell library contained the following spells:

 Spells                   Type           Power        Failure   Level  Hunger
 Confusing Touch          Hex            #.....       34%         1    ##.....
 Gell's Gravitas          Tloc           #.........   71%         3    ####...
 Petrify                  Tmut/Erth      #.......     98%         4    #####..
 Metabolic Englaciation   Hex/Ice        #.........   100%        5    ######.
 Yara's Violent Unravell  Hex/Tmut       #.........   100%        5    ######.


Dungeon Overview and Level Annotations

Branches:
Dungeon (4/15)
 Temple: D:4-7

Altars:
Uskayaw

Annotations:
D:4 Dowan, Duvessa


Message History

Duvessa, Dowan and a skeleton come into view.
Dowan is wielding a +2 vampiric dagger.
There is an open door here.
Throwing (i - inventory)
n - 91 stones (quivered)
Press: ? - help, Shift-Dir - straight line, f - centaur skeleton
Aim: a centaur skeleton You throw a stone.
The stone hits the centaur skeleton but does no damage.
Throwing (i - inventory)
n - 90 stones (quivered)
Press: ? - help, Shift-Dir - straight line, f/p - centaur skeleton
Aim: a centaur skeleton You throw a stone.
The stone hits the centaur skeleton.
The centaur skeleton is lightly damaged.
You hit the centaur skeleton.
The centaur skeleton is lightly damaged.
The centaur skeleton barely misses you.
You hit the centaur skeleton.
The centaur skeleton is moderately damaged.
The centaur skeleton hits you.
You hit the centaur skeleton.
The centaur skeleton is heavily damaged.
The centaur skeleton barely misses you. The centaur skeleton hits you.
You hit the centaur skeleton.
The centaur skeleton is heavily damaged.
The centaur skeleton barely misses you.
You hit the centaur skeleton.
The centaur skeleton is severely damaged.
The centaur skeleton hits you.
You hit the centaur skeleton.
The centaur skeleton is almost destroyed.
The centaur skeleton hits you but does no damage.
You hit the centaur skeleton.
The centaur skeleton is almost destroyed.
The centaur skeleton completely misses you.
You hit the centaur skeleton.
You destroy the centaur skeleton!
n - 90 stones (gained 1)
You start resting.
A quokka comes into view.
All of the chunks of flesh in your inventory have rotted away.
You see here an adder skeleton.
Found 12 gold pieces. 2 gnolls come into view.
The gnoll shouts! x2
The gnoll throws a throwing net.
The throwing net hits you.
You become entangled in the net!
You see here a throwing net {!f}.
You struggle against the net.
You struggle against the net.
A gnoll comes into view. It is wielding a +0 halberd.
You shred the net and break free!
Casting: Confuse (very dangerous; 71% risk of failure)
Confirm with . or Enter, or press ? or * to list all spells.
Okay, then.
You hit the gnoll. You freeze the gnoll.
The gnoll is moderately wounded.
You hit the gnoll. You freeze the gnoll.
The gnoll is severely wounded.
You closely miss the gnoll. The gnoll closely misses you.
The gnoll hits you from afar with a +0 halberd!
You hit the gnoll. You freeze the gnoll.
The gnoll is lightly wounded.
The gnoll hits you but does no damage.
You closely miss the gnoll.
The gnoll is lightly wounded.
The gnoll hits you from afar with a +0 halberd!
The gnoll misses you.
You hit the gnoll but do no damage.
The gnoll is lightly wounded.
The gnoll hits you from afar with a +0 halberd!
* * * LOW HITPOINT WARNING * * *
The gnoll hits you.
* * * LOW HITPOINT WARNING * * *
You hit the gnoll. You freeze the gnoll.
The gnoll is moderately wounded.
It was a potion of flight.
You feel very buoyant.
You fly up into the air.
It was a potion of curing.
You feel better.
You closely miss the gnoll.
The gnoll is heavily wounded.
The gnoll closely misses you.
You hit the gnoll. You freeze the gnoll.
You kill the gnoll!
You hit the gnoll. You freeze the gnoll.
The gnoll is moderately wounded.
The gnoll barely misses you. The gnoll hits you.
You are feeling hungry.
You closely miss the gnoll.
The gnoll is moderately wounded.
The gnoll hits you.
* * * LOW HITPOINT WARNING * * *
The gnoll barely misses you.
You hit the gnoll but do no damage.
The gnoll is moderately wounded.
The gnoll misses you.
You closely miss the gnoll.
The gnoll is moderately wounded.
The gnoll hits you from afar with a +0 halberd!
You die...

..........#
......e...#####
...............
.....e.........
...............#
...............#
...Z...........##
##############'#r.....##
#...)gg@รท.............##
#.############.##......+
#...# ####'#####...#
#$.g# #............#
#...g. #.......##...#
#....g. +.......++....
#........ #.......##....
####..... #.......#####.
##### ######### #.


You could see 2 gnolls.

Vanquished Creatures
  A centaur skeleton (D:4)
  A gnoll (D:4)
  7 adders
  3 worms (D:2)
  A dart slug (D:2)
  A leopard gecko (D:2)
  An orc (D:3)
  2 ball pythons (D:1)
  5 bats
  4 giant cockroaches
  5 goblins
  9 hobgoblins
  2 frilled lizards (D:2)
  6 kobolds
  4 rats
52 creatures vanquished.

Notes
Turn   | Place    | Note
-------+----------+-------------------------------------------
     0 | D:1      | MisterOstroum the Hill Orc Assassin began the quest for the
                  | Orb.
     0 | D:1      | Reached XP level 1. HP: 18/18 MP: 1/1
   123 | D:1      | Reached XP level 2. HP: 22/25 MP: 2/2
   295 | D:1      | Reached skill level 3 in Fighting
   961 | D:2      | Reached XP level 3. HP: 31/31 MP: 3/3
  1359 | D:2      | Reached XP level 4. HP: 40/40 MP: 4/4
  1380 | D:2      | Reached skill level 4 in Fighting
  2308 | D:3      | Found a hide-covered altar of Uskayaw.
  2510 | D:4      | Learned a level 3 spell: Confuse
  2547 | D:4      | Reached XP level 5. HP: 34/47 MP: 5/5
  2840 | D:4      | Noticed Duvessa
  2840 | D:4      | Noticed Dowan
  2957 | D:4      | Slain by a gnoll

Skill      XL: |  1  2  3  4 |
---------------+-------------+-----
Throwing       | 2 |  2.8
Fighting       | 3 4 |  4.9
Short Blades   | 3 |  3.2
Dodging        | |  0.7
Stealth        | |  3.2

Action                   |  1- 3 |  4- 6 || total
-------------------------+-------+-------++-------
Melee: Dagger            |    97 |   116 ||   213
Throw: Stone             |       |     6 ||     6
  Use: Potion            |       |     2 ||     2
 Stab: Sleeping          |     4 |     1 ||     5
  Eat: Chunk             |     1 |     5 ||     6
Armor: Robe              |    20 |    18 ||    38
Dodge: Dodged            |    45 |    49 ||    94
